 Dungeon Crawl Stone Soup version 0.14-a0-2443-g5aee772 (webtiles) character file.

1834 4tharraofdagon the Archer (level 8, -7/67 HPs)
             Began as a Centaur Hunter on Feb 6, 2014.
             Was a Follower of Dithmengos.
             Mangled by an ogre
             ... wielding a +0,+0 giant spiked club
              (28 damage)
             ... on Level 7 of the Dungeon.
             The game lasted 00:16:10 (1962 turns).

4tharraofdagon the Archer (Centaur Hunter)          Turns: 1962, Time: 00:16:10

HP  -7/67        AC  4     Str 17      XL: 8   Next: 74%
MP  11/11        EV  4     Int 10      God: Dithmengos [*.....]
Gold 117         SH 25     Dex 10      Spells:  1 memorised,  9 levels left

rFire  . . .     SeeInvis .     b - +1 bow
rCold  . . .     Clarity  .     h - troll hide
rNeg   . . .     Conserve .     u - +1 dwarf large shield
rPois  .         rCorr    .     (no helmet)
rElec  .         rRot     .     (no cloak)
SustAb . .       Spirit   .     (no gloves)
rMut   .         Warding  .     (no barding)
Gourm  +         Stasis   .     A - amulet of the gourmand
MR     .....                    (no ring)
                                (no ring)

@: wreathed by umbra, very quick, not resistant to hostile enchantments,
extremely unstealthy
A: hooves 3, deformed body, herbivore 1, speed 2, fast metabolism 1, tough skin
3
a: Renounce Religion


You were on level 7 of the Dungeon.
You worshipped Dithmengos.
Dithmengos was aware of your devotion.
You were not hungry.

You visited 2 branches of the dungeon, and saw 8 of its levels.

You collected 117 gold pieces.

Inventory:

Hand weapons
 a - a +0,+0 short sword
 b - a +1,+1 bow (weapon)
 l - a +0,+0 bow
 n - a -3,+0 whip
 r - the +7,+7 Singing Sword
   (You found it on level 7 of the Dungeon)
 v - a +0,+1 war axe
Missiles
 c - 36 arrows (quivered)
 s - 19 bolts
 C - 11 arrows of flame
Armour
 d - a +0 leather armour
 h - a troll hide (worn)
 u - a +1 dwarven large shield (worn)
Comestibles
 f - 3 bread rations
 B - 5 chunks of hippogriff flesh
Scrolls
 e - a scroll of noise
 i - a scroll of teleportation
 k - a scroll of enchant armour {unknown}
 o - 2 scrolls of amnesia {unknown}
 p - 2 scrolls of curse armour {unknown}
 q - 2 scrolls of remove curse
 t - a scroll of fog {unknown}
 w - 2 scrolls of identify
 y - a scroll of blinking {unknown}
 z - a scroll of fear {unknown}
Jewellery
 A - an amulet of the gourmand (around neck)
Potions
 j - a potion of confusion
 m - a potion of invisibility
 x - a potion of berserk rage
Books
 g - a book of Air

   Spells                             Type                      Level
   Shock                              Conjuration/Air              1
   Swiftness                          Charms/Air                   2
   *Repel Missiles                    Charms/Air                   2
   Flight                             Charms/Air                   3
   Static Discharge                   Conjuration/Air              3
   Lightning Bolt                     Conjuration/Air              5


   Skills:
 + Level 4.4 Fighting
 * Level 2.0 Long Blades
 - Level 2.7 Axes
 * Level 10.1 Bows
 + Level 3.5 Armour
 - Level 1.3 Dodging
 - Level 0.5 Stealth
 + Level 0.9 Shields
 + Level 2.1 Spellcasting
 + Level 2.0 Air Magic


You had 9 spell levels left.
You knew the following spells:

 Your Spells              Type           Power        Failure   Level  Hunger
a - Repel Missiles        Chrm/Air       #.........   100%        2    ###....


Dungeon Overview and Level Annotations

Branches:
Dungeon (7/16)             Temple (1/1) D:5

Altars:
Dithmengos
Fedhas
Kikubaaqudgha
Makhleb
Nemelex Xobeh
Trog
Vehumet
Zin


Innate Abilities, Weirdness & Mutations

You have hooves in place of feet.
Armour fits poorly on your strangely shaped body.
You digest meat inefficiently.
You cover ground very quickly.
You have a fast metabolism.
You have extremely tough skin (AC +3).


Message History

Firing (i - inventory. (,) - cycle):
c - 39 arrows (quivered)
Press: ? - help, Shift-Dir - straight line, f - ogre
Aim: an ogre, wielding a giant spiked club You shoot an arrow.
The arrow hits the ogre.
The ogre is heavily wounded.
The ogre hits you with a giant spiked club!
* * * LOW HITPOINT WARNING * * *
Unknown command.
Firing (i - inventory. (,) - cycle):
c - 38 arrows (quivered)
Press: ? - help, Shift-Dir - straight line, f/p - ogre
Aim: an ogre, wielding a giant spiked club (heavily wounded)
You shoot an arrow. The arrow hits the ogre.
The ogre is heavily wounded.
Firing (i - inventory. (,) - cycle):
c - 37 arrows (quivered)
Press: ? - help, Shift-Dir - straight line, f/p - ogre
Aim: an ogre, wielding a giant spiked club (heavily wounded)
You shoot an arrow. The arrow hits the ogre.
The ogre is heavily wounded.
The ogre hits you with a giant spiked club!
You die...

...# #..# .# ...# #..# .# ...#
#..# .# ...# #%.#########.#####
...# ####### #.................
...# #.....# #..............#
##.#####.8#.%###...#####......#
#.......#.#.......#...#......#
#.#####.8#8....@..#...#......#
#.# ...........O..#...#......###
#.#........#...(..#...#.......(.
#.###+######......#...#..#######
#.. .........(..#...'..# #..
########...#.(.#..# #..
#...#'###..# . #..........#
#..........#


You could see an ogre.

Vanquished Creatures
  A two-headed ogre (D:7)
  A hungry ghost (D:4)
  A hippogriff (D:7)
  Menkaure (D:7)
  A phantom (D:7)
  2 ogres
  A centaur (D:7)
  2 giant frogs
  A jelly (D:7)
  3 worker ants
  A hound (D:4)
  An orc priest (D:7)
  A giant frog skeleton (D:5)
  6 scorpions (D:7)
  2 orc wizards
  2 adders
  2 worm zombies
  2 giant mites (D:7)
  An inept feature mimic (D:7)
  4 orcs
  2 hobgoblins (D:3)
  2 quokkas
  15 bats
  4 giant geckos
  3 giant newts (D:3)
  6 goblins
  8 kobolds
  2 kobold skeletons
  5 rats
  A rat skeleton (D:7)
  5 ballistomycetes (D:7)
  A fungus (D:7)
90 creatures vanquished.

Vanquished Creatures (others)
  A giant spore (D:7)
1 creature vanquished.

Grand Total: 91 creatures vanquished

Notes
Turn   | Place    | Note
--------------------------------------------------------------
     0 | D:1      | 4tharraofdagon, the Centaur Hunter, began the quest for the Orb.
     0 | D:1      | Reached XP level 1. HP: 16/16 MP: 1/1
   152 | D:3      | Reached XP level 2. HP: 21/23 MP: 2/2
   295 | D:3      | Noticed a worker ant
   358 | D:3      | Reached skill level 1 in Armour
   358 | D:3      | Reached XP level 3. HP: 28/28 MP: 3/3
   361 | D:3      | Noticed a giant frog
   369 | D:3      | Killed a giant frog
   369 | D:3      | Reached skill level 6 in Bows
   369 | D:3      | Reached XP level 4. HP: 24/36 MP: 3/3
   417 | D:3      | Killed a worker ant
   523 | D:4      | Reached skill level 7 in Bows
   523 | D:4      | Reached XP level 5. HP: 40/42 MP: 4/4
   669 | D:4      | Noticed a hungry ghost
   748 | D:4      | Killed a hungry ghost
   748 | D:4      | Reached skill level 8 in Bows
   748 | D:4      | Reached XP level 6. HP: 45/51 MP: 5/5
   823 | D:4      | Noticed an ogre
   865 | D:4      | Killed an ogre
  1063 | D:5      | Entered Level 5 of the Dungeon
  1109 | D:5      | Found a staircase to the Ecumenical Temple.
  1118 | Temple   | Entered the Ecumenical Temple
  1135 | Temple   | Became a worshipper of Dithmengos
  1319 | D:5      | Reached XP level 7. HP: 53/57 MP: 5/5
  1396 | D:6      | Learned a level 2 spell: Repel Missiles
  1453 | D:7      | Reached skill level 1 in Axes
  1468 | D:7      | Noticed Menkaure
  1475 | D:7      | Killed Menkaure
  1498 | D:7      | Reached skill level 9 in Bows
  1498 | D:7      | Reached skill level 1 in Air Magic
  1563 | D:7      | Reached skill level 1 in Spellcasting
  1580 | D:7      | HP: 1/58 [orc wizard/puff of flame (10)]
  1599 | D:7      | Reached XP level 8. HP: 31/66 MP: 9/9
  1818 | D:7      | Noticed a two-headed ogre
  1856 | D:7      | Killed a two-headed ogre
  1856 | D:7      | Reached skill level 1 in Long Blades
  1868 | D:7      | Reached skill level 10 in Bows
  1900 | D:7      | HP: 3/67 [hippogriff (4)]
  1962 | D:7      | Mangled by an ogre

Action                   |  1- 3 |  4- 6 |  7- 9 || total
-------------------------+-------+-------+-------++-------
Melee: Unarmed           |    48 |    72 |       ||   120
       Whip              |     6 |       |       ||     6
       War axe           |       |    23 |    47 ||    70
       Bastard sword     |       |       |    14 ||    14
 Fire: Bow               |    23 |    59 |    46 ||   128
  Use: Scroll            |     4 |     3 |     1 ||     8
       Potion            |       |     2 |     2 ||     4
